 Dungeon Crawl Stone Soup version 0.26-a0-67-g850bfe61e3 (webtiles) character file.

Game seed: 7737762122680471989

14723 Gargoyl the Cleaver (level 11, -10/91 HPs)
             Began as a Centaur Abyssal Knight on June 12, 2020.
             Was an Elder of Lugonu.
             Splashed by an oklob plant's acid (13 damage)
             ... on level 2 of the Lair of Beasts.
             The game lasted 00:23:30 (15096 turns).

Gargoyl the Cleaver (Centaur Abyssal Knight)       Turns: 15096, Time: 00:23:32

Health: -10/91     AC: 14    Str: 28    XL:     11   Next: 92%
Magic:  17/17      EV:  6    Int: 14    God:    Lugonu [****..]
Gold:   614        SH:  4    Dex: 11    Spells: 10/10 levels left

rFire    . . .     SeeInvis .   F - +6 hand axe
rCold    + + +     Gourm    .   j - +0 buckler
rNeg     + . .     Faith    .   M - +3 plate armour {rN+}
rPois    +         Spirit   .   (helmet restricted)
rElec    .         Reflect  .   (no cloak)
rCorr    .         Harm     .   K - +2 pair of gloves
MR       .....     Rnd*Rage +   s - +1 centaur barding "Cyeqimid" {+Blink rC+ Str+4}
Stlth    ..........             a - amulet "Yqaitacept" {rPois rC++ Regen+ Int+3 Stlth+}
HPRegen  0.65/turn              e - +6 ring of strength
MPRegen  0.15/turn              C - +6 ring of strength

@: corroded, very quick
A: large, antennae 1, hooves 3, slimy green scales 1, berserk 1, deformed body,
speed 2, tough skin 3, weak 2
a: Depart the Abyss, Bend Space, Banish, Corrupt, Renounce Religion, Evoke Blink


You were on level 2 of the Lair of Beasts.
You worshipped Lugonu.
Lugonu was greatly pleased with you.
You were not hungry.

You visited 2 branches of the dungeon, and saw 13 of its levels.
You visited the Abyss 2 times.
You also visited: Ossuary.

You collected 744 gold pieces.
You spent 130 gold pieces at shops.

Inventory:

Hand Weapons
 t - a +1 war axe
 F - a +6 hand axe (weapon)
Missiles
 H - 10 javelins (quivered)
Armour
 j - a +0 buckler (worn)
 k - a +2 helmet
 s - the +1 centaur barding "Cyeqimid" (worn) {+Blink rC+ Str+4}
   (You acquired it on level 9 of the Dungeon)

   It affects your strength (+4).
   It protects you from cold.
   It lets you blink.
 K - a +2 pair of gloves (worn)
 M - a +3 plate armour of positive energy (worn)
Jewellery
 a - the amulet "Yqaitacept" (around neck) {rPois rC++ Regen+ Int+3 Stlth+}
   (You acquired it on level 9 of the Dungeon)

   [amulet of regeneration]

   It affects your intelligence (+3).
   It greatly protects you from cold.
   It protects you from poison.
   It increases your rate of regeneration.
   It makes you more stealthy.
 e - a +6 ring of strength (left hand)
 p - an uncursed amulet of reflection
 q - an uncursed ring of see invisible
 C - a +6 ring of strength (right hand)
 D - an uncursed ring of fire
 J - an uncursed ring of resist corrosion
 Q - a +6 ring of dexterity
Wands
 m - a wand of digging (4)
 r - a wand of flame (26)
 u - a wand of polymorph (2)
 v - a wand of enslavement (10)
 I - a wand of acid (13)
 N - a wand of paralysis (10)
Scrolls
 d - a scroll of fog
 f - 2 scrolls of teleportation
 h - 2 scrolls of magic mapping
 l - a scroll of identify
 n - 9 scrolls of remove curse
Potions
 b - 4 potions of stabbing
 g - 3 potions of might
 i - 2 potions of heal wounds
 o - 2 potions of curing
 w - a potion of magic
 x - 4 potions of lignification
 A - 2 potions of flight {unknown}
 B - a potion of cancellation {unknown}
 E - 2 potions of haste {unknown}
 G - a potion of resistance {unknown}
 L - 3 potions of brilliance
Comestibles
 c - 21 rations
 O - 3 chunks of flesh


   Skills:
 + Level 6.6 Fighting
 + Level 9.5 Axes
 * Level 7.7 Armour
 * Level 5.7 Dodging
 + Level 4.3 Shields
 * Level 8.6 Invocations
 + Level 0.7 Evocations


You had 10 spell levels left.
You didn't know any spells.
Your spell library contained the following spells:

 Spells                   Type           Power        Failure   Level  Hunger
 Animate Skeleton         Necr           N/A          95%         1    ##.....
 Apportation              Tloc           #.....       95%         1    ##.....
 Beastly Appendage        Tmut           #.....       95%         1    ##.....
 Corona                   Hex            #......      95%         1    ##.....
 Foxfire                  Conj/Fire      #...         95%         1    ##.....
 Summon Small Mammal      Summ           #...         95%         1    ##.....
 Ensorcelled Hibernation  Hex/Ice        #.....       99%         2    ###....
 Sticks to Snakes         Tmut           #.......     99%         2    ###....
 Confusing Touch          Hex            #.......     100%        3    ####...
 Conjure Flame            Conj/Fire      #.......     100%        3    ####...
 Dazzling Flash           Conj/Hex       #.....       100%        3    ####...
 Gell's Gravitas          Tloc           #.........   100%        3    ####...
 Inner Flame              Hex/Fire       #.......     100%        3    ####...
 Spider Form              Tmut/Pois      #.........   100%        3    ####...
 Tukima's Dance           Hex            #.......     100%        3    ####...
 Ice Form                 Ice/Tmut       #.......     100%        4    #####..
 Petrify                  Tmut/Erth      #.......     100%        4    #####..
 Sticky Flame             Conj/Fire      #.......     100%        4    #####..
 Blade Hands              Tmut           #.........   100%        5    ######.
 Fireball                 Conj/Fire      #.........   100%        5    ######.
 Metabolic Englaciation   Hex/Ice        #.........   100%        5    ######.
 Yara's Violent Unravell  Hex/Tmut       #.........   100%        5    ######.


Dungeon Overview and Level Annotations

Branches:
Dungeon (9/15)             Temple (0/1) D:4            Lair (4/6) D:9
    Orc (0/2) D:9         Ossuary (visited)
  Swamp: Lair:2-4    Shoals: Lair:2-4     Snake: Lair:2-4    Spider: Lair:2-4

Altars:
Cheibriados
Dithmenos
Elyvilon
Fedhas
Gozag
Hepliaklqana
Kikubaaqudgha
Makhleb
Ru
Vehumet
Yredelemnul
The Shining One

Shops:
D:4 (   D:5 ((!

Annotations:
Lair:2 2 transporters, exclusion: 3 oklob plants, stillor's ghost, journeyman GrEE
Abyss:1 Harold


Innate Abilities, Weirdness & Mutations

You have hooves in place of feet.
Armour fits poorly on your strangely shaped body.
You cover ground very quickly.
You have extremely tough skin. (AC +3)
You have a pair of small antennae on your head.
You are partially covered in slimy green scales. (AC +2)
You tend to lose your temper in combat.
You are very weak. (Str -4)


Message History

You hit the plant. The oklob plant spits acid at you.
The splash of acid misses you. The oklob plant spits acid at you.
The splash of acid hits you but does no damage.
You are splashed with acid!
You hit the oklob plant but do no damage.
You kick the oklob plant, but do no damage.
The oklob plant is heavily damaged.
You hit the plant but do no damage. The oklob plant spits acid at you.
The splash of acid hits you!
* * * LOW HITPOINT WARNING * * *
You are splashed with acid!
* * * LOW HITPOINT WARNING * * *
The oklob plant spits acid at you. The splash of acid hits you.
* * * LOW HITPOINT WARNING * * *
You are splashed with acid!
You die...

#..###...... ♣≈≈P♣
♣.... ##.# .....#
♣≈≈P♣♣..... #.##
.....#♣♣♣≈P♣##....
#..# .....+.♣ .♣♣
#... #####.##
#.P.#.# .<. #...
#.#.PP...###....##..
#..
........###.......#
.#. #
...........#.PP.#..
# ........^..#@.$)#
. ####P###.#.#.P..#
## ## #####?P[.#
#.P.)# ######


You could see 3 oklob plants.

Vanquished Creatures
  Fannar (Lair:1)
  Erica (Lair:1)
  Nergalle (Lair:1)
  2 black mambas
  5 spiny frogs
  A rime drake (Lair:2)
  2 komodo dragons
  A hornet (D:9)
  Grinder (D:5)
  2 hippogriffs
  A spriggan (D:7)
  Sigmund (D:3)
  Eustachio (D:5)
  A wyvern (Lair:1)
  5 yaks (Lair:3)
  A basilisk (Lair:1)
  2 steam dragons (D:9)
  A hungry ghost (D:9)
  A naga (Lair:4)
  6 porcupines
  5 orc warriors
  5 water moccasins
  A necrophage (D:8)
  A phantom (D:7)
  4 ogres
  4 wolves (Lair:3)
  2 centaurs
  6 crocodiles
  3 big kobolds
  7 bullfrogs
  3 scorpions
  2 water moccasin zombies (Ossuary)
  4 howler monkeys
  A vampire bat (Lair:1)
  8 crimson imps
  4 quasits
  3 bullfrog zombies
  7 hounds
  A gnoll shaman (D:7)
  5 orc priests
  6 orc wizards
  3 bullfrog skeletons
  3 centaur skeletons
  3 iguanas
  9 worker ants
  5 big kobold zombies (Ossuary)
  A hound skeleton (D:6)
  2 mummies (Ossuary)
  A worker ant zombie (D:6)
  6 gnolls
  A howler monkey skeleton (D:5)
  12 adders
  A shadow imp (D:8)
  An ooze (D:5)
  2 adder zombies (Ossuary)
  3 worms (D:3)
  5 dart slugs
  2 leopard geckos (D:2)
  35 orcs
  A ball python (D:4)
  6 giant cockroaches
  2 gnoll zombies (Ossuary)
  10 goblins
  4 hobgoblins
  11 jackals
  24 kobolds
  6 quokkas
  13 bats
  3 frilled lizards
  4 hobgoblin zombies (Ossuary)
  8 kobold zombies (Ossuary)
  A leopard gecko skeleton (D:6)
  5 orc zombies (Ossuary)
  10 rats
  A fungus (Lair:3)
  A plant (Lair:2)
324 creatures vanquished.

Vanquished Creatures (others)
  2 hydras
  An orc (D:9)
  A fungus (D:2)
  A plant (Lair:2)
5 creatures vanquished.

Grand Total: 329 creatures vanquished

Notes
Turn   | Place    | Note
-------+----------+-------------------------------------------
     0 | Abyss:1  | Gargoyl the Centaur Abyssal Knight began the quest for the
                  | Orb.
     0 | Abyss:1  | Reached XP level 1. HP: 19/19 MP: 2/2
    24 | Abyss:2  | Noticed a wretched star
    67 | Abyss:2  | Noticed a raiju
    70 | D:1      | Escaped the Abyss
   179 | D:1      | Reached * piety under Lugonu
   179 | D:1      | Reached XP level 2. HP: 26/26 MP: 3/3
   456 | D:1      | Reached skill level 2 in Axes
   590 | D:1      | Reached skill level 1 in Dodging
   769 | D:1      | Reached XP level 3. HP: 28/31 MP: 4/4
  1683 | D:1      | Reached XP level 4. HP: 30/38 MP: 5/5
  2077 | D:2      | Found a blossoming altar of Fedhas.
  2139 | D:2      | Found a glowing golden altar of the Shining One.
  2258 | D:2      | Reached skill level 3 in Axes
  2422 | D:2      | Found an opulent altar of Gozag.
  2532 | D:2      | Reached ** piety under Lugonu
  2954 | D:3      | Reached XP level 5. HP: 45/45 MP: 7/7
  3144 | D:3      | Found a radiant altar of Vehumet.
  3144 | D:3      | Found a shadowy altar of Dithmenos.
  3273 | D:3      | Noticed Sigmund
  3297 | D:3      | Killed Sigmund
  3297 | D:3      | Reached XP level 6. HP: 30/52 MP: 8/8
  3472 | D:3      | Found a faded altar of an unknown god.
  3668 | D:3      | Noticed Ijyb
  3670 | D:3      | Noticed Ijyb
  3670 | D:3      | Ijyb changed into Ijyb the worm
  3677 | D:3      | Killed Ijyb the worm
  3856 | D:3      | Noticed Natasha
  3859 | D:3      | Noticed Natasha
  3859 | D:3      | Natasha changed into Natasha the scorpion
  3869 | D:3      | Killed Natasha the scorpion
  4586 | D:4      | Reached XP level 7. HP: 58/58 MP: 9/9
  4627 | D:4      | Reached skill level 1 in Shields
  4751 | D:4      | Found Tefopili's Antique Weapon Emporium.
  4779 | D:4      | Reached skill level 4 in Axes
  5319 | D:4      | Reached *** piety under Lugonu
  5326 | D:4      | Found a staircase to the Ecumenical Temple.
  5439 | D:5      | Entered Level 5 of the Dungeon
  5445 | D:5      | Found Bilewn's Antique Weapon Emporium.
  5462 | D:5      | Found a sand-covered staircase.
  5471 | Ossuary  | Entered an ossuary
  5813 | Ossuary  | Reached **** piety under Lugonu
  5970 | D:5      | Reached XP level 8. HP: 65/66 MP: 11/11
  6288 | D:5      | Found Pidirib's Antique Weapon Boutique.
  6327 | D:5      | Noticed Grinder
  6349 | D:5      | Paralysed by Grinder for 2 turns
  6362 | D:5      | Killed Grinder
  6362 | D:5      | Reached skill level 5 in Axes
  7010 | D:5      | Found Qicvoh's Distillery.
  7012 | D:5      | Noticed Eustachio
  7031 | D:5      | Reached skill level 5 in Invocations
  7073 | D:5      | Killed Eustachio
  7158 | D:5      | Bought a potion of heal wounds for 50 gold pieces
  7158 | D:5      | Bought a potion of mutation for 80 gold pieces
  7158 | D:5      | Gained mutation: You do not regenerate when monsters are
                  | visible. [potion of mutation]
  7158 | D:5      | Gained mutation: You possess an exceptional clarity of
                  | mind. [potion of mutation]
  7158 | D:5      | Gained mutation: You have a pair of small antennae on your
                  | head. [potion of mutation]
  7159 | D:5      | Lost mutation: You do not regenerate when monsters are
                  | visible. [potion of mutation]
  7159 | D:5      | Lost mutation: You possess an exceptional clarity of mind.
                  | [potion of mutation]
  7159 | D:5      | Gained mutation: You tend to lose your temper in combat.
                  | [potion of mutation]
  7159 | D:5      | Gained mutation: You are weak. (Str -2) [potion of
                  | mutation]
  7159 | D:5      | Gained mutation: You are very weak. (Str -4) [potion of
                  | mutation]
  7159 | D:5      | Gained mutation: You are partially covered in slimy green
                  | scales. (AC +2) [potion of mutation]
  7463 | D:6      | Reached skill level 6 in Axes
  7497 | D:6      | Reached XP level 9. HP: 72/72 MP: 12/12
  7504 | D:6      | Found a burning altar of Makhleb.
  7580 | D:6      | Found a burning altar of Makhleb.
  8613 | D:7      | Found a sacrificial altar of Ru.
  8626 | D:7      | Noticed Harold
  8657 | D:7      | Banished Harold
  8657 | D:7      | Reached skill level 5 in Armour
  9176 | D:7      | Reached skill level 5 in Fighting
  9490 | D:7      | Found a snail-covered altar of Cheibriados.
  9592 | D:7      | Found a hazy altar of Hepliaklqana.
  9612 | D:7      | Reached skill level 7 in Axes
 10137 | D:8      | Reached XP level 10. HP: 78/81 MP: 14/14
 10221 | D:8      | Reached ***** piety under Lugonu
 10606 | D:8      | Found a white marble altar of Elyvilon.
 10758 | D:8      | Found a basalt altar of Yredelemnul.
 11188 | D:9      | Identified 2 scrolls of acquirement
 11189 | D:9      | Got the amulet "Yqaitacept" {rPois rC++ Regen+ Int+3
                  | Stlth+}
 11192 | D:9      | Got the +1 centaur barding "Cyeqimid" {+Blink rC+ Str+4}
 11476 | D:9      | Found an ancient bone altar of Kikubaaqudgha.
 11965 | D:9      | Found a staircase to the Lair.
 12306 | D:9      | Found a staircase to the Orcish Mines.
 12403 | Lair:1   | Entered Level 1 of the Lair of Beasts
 12472 | Lair:1   | Noticed a spiny frog
 12483 | Lair:1   | Killed a spiny frog
 12483 | Lair:1   | Reached skill level 8 in Axes
 12518 | Lair:1   | Noticed Erica
 12786 | Lair:1   | Noticed Nergalle
 12816 | Lair:1   | Killed Nergalle
 12914 | Lair:1   | HP: 4/83 [hippogriff (4)]
 12925 | Lair:1   | Escaped the Abyss
 13116 | Lair:1   | Noticed Fannar
 13145 | Lair:1   | Killed Fannar
 13145 | Lair:1   | Reached skill level 5 in Dodging
 13145 | Lair:1   | Reached XP level 11. HP: 78/89 MP: 16/16
 13250 | Lair:1   | Killed Erica
 13652 | Lair:2   | Noticed stillor's ghost (journeyman GrEE)
 13757 | Lair:2   | Found a transporter.
 13760 | Lair:2   | Found a transporter.
 14056 | Lair:2   | Reached skill level 9 in Axes
 14207 | Lair:2   | You fall into a shaft and drop 2 floors!
 14207 | Lair:4   | Noticed an eight-headed hydra
 14208 | Lair:4   | Banished an eight-headed hydra
 14854 | Lair:3   | Noticed an eight-headed hydra
 14861 | Lair:3   | Banished an eight-headed hydra
 15080 | Lair:2   | Noticed an oklob plant
 15080 | Lair:2   | Noticed an oklob plant
 15080 | Lair:2   | Noticed an oklob plant
 15096 | Lair:2   | HP: 3/91 [oklob plant/splash of acid (5)]
 15096 | Lair:2   | Splashed by an oklob plant's acid

Illustrated notes

Levels and vault maps discovered:
D:1:      lightli_arrival_chessboard, layout_loops_ring
D:2:      layout_loops_ring, old_standard_altar, fedhas_altar_3,
          overflow_temple_1_default, first_ration, st_stairs_8
D:3:      layout_loops_cross, gammafunk_temple_overflow_pools,
          chequers_ecumenical_altar_twisty, uniq_natasha, uniq_sigmund,
          uniq_ijyb
D:4:      layout_loops_ring, temple_hall, serial_shops,
          nicolae_shop_behind_doors
D:5:      layout_gridville, serial_shops, nicolae_shop_waterfront, shop,
          kennysheep_mini_moat, enter_ossuary_1, uniq_eustachio, uniq_grinder
D:6:      layout_loops_ring, makhleb_grotto_becter, basic_altar
D:7:      layout_rooms, lemuel_doored_altar, lemuel_crystal_altar,
          kennysheep_little_box, the_bakery, uniq_harold
D:8:      layout_gridville, kennysheep_ying_yang, hangedman_decor_slide_cut
D:9:      layout_basic, lemuel_coloured_pillars_altar, lair_entry_dummy,
          hiddenorc1_lemuel
Lair:1:   layout_regular_city, minivault_25, roderic_batcave, uniq_nergalle,
          uniq_fannar, uniq_erica
Lair:2:   layout_regular_city, gammafunk_ghost_hive, serial_bayou_crossing,
          grunt_megastairs_5, lemuel_fruit_tree, minmay_lair_oklob_chamber
Lair:3:   layout_cave_pods, basic_altar, infiniplex_staircase_pool_2
Lair:4:   cheibrodos_magma_flow, layout_hall_layers, minmay_swamp_entry_swarm,
          guppyfry_snake_entry_island

Skill      XL: |  1  2  3  4  5  6  7  8  9 10 11 |
---------------+----------------------------------+-----
Axes           | 2 3 4 6 7 8 9 |  9.5
Dodging        | 1 2 3 4 5 |  5.7
Armour         | 2 3 4 5 6 7 |  7.7
Invocations    | 3 4 5 6 7 8 |  8.6
Shields        | 1 2 3 4 |  4.3
Fighting       | 4 5 6 |  6.6
Evocations     | |  0.7

Action                   |  1- 3 |  4- 6 |  7- 9 | 10-12 || total
-------------------------+-------+-------+-------+-------++-------
Melee: Hand axe          |    98 |   221 |   606 |   346 ||  1271
       Kick              |    15 |    37 |   169 |   152 ||   373
       War axe           |       |       |    21 |    77 ||    98
Invok: Depart the Abyss  |     1 |       |       |     1 ||     2
       Bend Space        |       |       |     1 |       ||     1
       Banish            |       |       |     1 |     2 ||     3
       Enter the Abyss   |       |       |       |     1 ||     1
Evoke: Wand              |       |     4 |    10 |       ||    14
  Use: Scroll            |     3 |     3 |    10 |    15 ||    31
       Potion            |       |       |     4 |     3 ||     7
  Eat: Chunk             |     2 |     8 |     9 |    13 ||    32
       Ration            |       |       |     2 |     1 ||     3
Armor: Plate armour      |   100 |   160 |   150 |    53 ||   463
       Scale mail        |       |       |   202 |   264 ||   466
Dodge: Dodged            |    14 |    12 |   146 |   153 ||   325
Block: Buckler           |     6 |    68 |   296 |   126 ||   496
       Reflection        |       |       |     2 |       ||     2

Table legend:
 A = Non-vault XP
 B = Vault XP
 C = Vault XP percentage of total XP
 D = Non-vault monster count
 E = Vault monster count
 F = Vault count percentage of total count
                 A         B        C        D         E       F
            +---------+---------+-------+---------+---------+-------
      Total |   14651 |    6383 |  30.3 |     253 |      71 |  21.9
            +---------+---------+-------+---------+---------+-------
        D:1 |      89 |       0 |   0.0 |      26 |       0 |   0.0
        D:2 |      87 |      15 |  14.7 |      25 |       2 |   7.4
        D:3 |     101 |     304 |  75.1 |      19 |       3 |  13.6
        D:4 |     476 |       0 |   0.0 |      31 |       0 |   0.0
        D:5 |     791 |     489 |  38.2 |      23 |       2 |   8.0
        D:6 |     688 |      46 |   6.3 |      19 |       1 |   5.0
        D:7 |    1046 |     829 |  44.2 |      26 |       2 |   7.1
        D:8 |     931 |       0 |   0.0 |      25 |       0 |   0.0
        D:9 |    1548 |     233 |  13.1 |      17 |      16 |  48.5
     Lair:1 |    2109 |    2772 |  56.8 |      13 |      10 |  43.5
     Lair:2 |    2229 |    1189 |  34.8 |      10 |       5 |  33.3
     Lair:3 |    2260 |       0 |   0.0 |      13 |       0 |   0.0
     Lair:4 |    2296 |     160 |   6.5 |       6 |       1 |  14.3
    Ossuary |       0 |     346 | 100.0 |       0 |      29 | 100.0
            +---------+---------+-------+---------+---------+-------
